Unix NetHack Version 5.0.0-0 post-release - last build May  4 2026 22:22:43 (774f63e81ad911689b3a0859ea89b322d5daca8d,branch:main).

Game began 2026-05-08 04:31:16, ended 2026-05-08 05:09:56.

01246791210, neutral male human Barbarian

  ------
  |....|
  |....|
  |....|
  ----.-
      #
      #
      ##
       ##
        ##
         #
         #
 --------|-
 |.........################################e@
 |........|
 |.......<|
 ----------

01246791210 the Pillager   St:17 Dx:17 Co:18 In:7 Wi:8 Ch:7  Neutral
Dlvl:4  $:54 HP:0(37) Pw:6(6) AC:10 Xp:3 T:2727  Starved 

Latest messages:
 You smite the orc zombie.
 You smite the orc zombie.
 You smite the orc zombie.
 The orc zombie hits!
 You destroy the orc zombie!
 Welcome to experience level 3.
 You see here an orc corpse.
 You see here an orc corpse.
 n - an orc corpse.
 You hear a door open.
 You see here 2 gold pieces.
 $ - 2 gold pieces (50 in total).
 You hear a door open.
 The door opens.
 You see here 4 gold pieces.
 $ - 4 gold pieces (54 in total).
 You hear some noises in the distance.
 Your orc corpse rots away.
 You smite the floating eye.
 You are frozen by the floating eye's gaze!
 You are beginning to feel hungry.
 You are beginning to feel weak.
 You can move again.
 You miss the floating eye.
 You faint from lack of food.
 You regain consciousness.
 You don't have anything to eat.
 You smite the floating eye.
 You smite the floating eye.
 You are frozen by the floating eye's gaze!
 You can move again.
 You smite the floating eye.
 You are frozen by the floating eye's gaze!
 You can move again.
 You faint from lack of food.
 You regain consciousness.
 You smite the floating eye.
 You faint from lack of food.
 You regain consciousness.
 You don't have anything to eat.
 You are not wearing or wielding anything.
 You smite the floating eye.
 You are frozen by the floating eye's gaze!
 You can hear again.
 You die from starvation.
 Do you want your possessions identified? [ynq] (y) y
 Do you want to see your attributes? [ynq] (y) n
 Do you want an account of creatures vanquished? [ynaq] (y) n
 Do you want to see your conduct and achievements? [ynq] (y) n
 Do you want to see the dungeon overview? [ynq] (y) n

Inventory:
 Coins    ('$')
  $ - 54 gold pieces

01246791210 the Barbarian's attributes:

Background:
 You were a Pillager, a level 3 male human Barbarian.
 You were neutral, nominally on a mission for Crom
 who was opposed by Mitra (lawful) and Set (chaotic).
 You were right-handed.
 You were in the Dungeons of Doom, on level 4.
 You entered the dungeon 2727 turns ago.
 It was nighttime.
 You had 44 experience points, 36 more were needed to attain level 4.

Basics:
 You had 0 out of 37 hit points.
 You had all 6 energy points (spell power).
 Your armor class was 10.
 Your wallet contained 54 zorkmids.
 Autopickup was off.

Final Characteristics:
 Your strength was 17 (base:18, limit:18/100).
 Your dexterity was 17 (limit:18).
 Your constitution was 18 (limit:18).
 Your intelligence was 7 (limit:18).
 Your wisdom was 8 (limit:18).
 Your charisma was 7 (limit:18).

Final Status:
 You were starved.
 You were unencumbered.
 You were bare handed.
 You had basic skill with bare handed combat.
 You weren't wearing any armor.

Final Attributes:
 You were devoutly aligned.
 You were poison resistant.
 You are dead.

Miscellaneous:
 You didn't encounter any bones levels.
 Total elapsed playing time was 38 minutes and 39 seconds.

Major events:
 Turn
    1: 01246791210 the neutral male human Barbarian entered the dungeon
 1881: attained the rank of Pillager (level 3)
 2727: died of starvation, while frozen by a floating eye's gaze

You didn't know any spells.

Skills:
 Fighting Skills
   bare handed combat [Basic]
   two weapon combat  [Unskilled]
   riding             [Unskilled]
 Weapon Skills
   dagger             [Unskilled]
   axe                [Basic]
   pick-axe           [Unskilled]
   short sword        [Unskilled]
   broadsword         [Unskilled]
   long sword         [Unskilled]
   two-handed sword   [Basic]
   saber              [Unskilled]
   club               [Unskilled]
   mace               [Unskilled]
   morning star       [Unskilled]
   flail              [Unskilled]
   hammer             [Unskilled]
   quarterstaff       [Unskilled]
   spear              [Unskilled]
   trident            [Unskilled]
   bow                [Unskilled]
 Spellcasting Skills
   attack spells      [Unskilled]
   escape spells      [Unskilled]

Voluntary challenges:
 Character rerolling was not enabled.
 You were an atheist.
 You were illiterate.
 You never genocided any monsters.
 You never polymorphed an object.
 You never changed form.
 You used no wishes.
Achievement:
 You attained the rank of Pillager.

 The Dungeons of Doom: levels 1 to 4
    Level 1:
    Level 2:
    Level 3:
       Many fountains, many trees.
    Level 4: <- You were here.
       Final resting place for
          you, died of starvation, while frozen by a floating eye's gaze.


Vanquished creatures:
  a wood nymph
  a kobold leader
 an orc zombie
  a hobbit
  a giant rat
  6 jackals
  2 kobolds
  2 goblins
  7 grid bugs
  2 lichens
  a kobold zombie
  6 newts
31 creatures vanquished.

No species were genocided or became extinct.

Game over:
                       ----------
                      /          \
                     /    REST    \
                    /      IN      \
                   /     PEACE      \
                  /                  \
                  |   01246791210    |
                  |      54 Au       |
                  |     died of      |
                  |    starvation    |
                  |                  |
                  |                  |
                  |       2026       |
                 *|     *  *  *      | *
        _________)/\\_//(\/(/\)/\//\/|_)_______

Goodbye 01246791210 the Barbarian...

You starved in The Dungeons of Doom on dungeon level 4 with 375 points,
and 54 pieces of gold, after 2727 moves.
You were level 3 with a maximum of 37 hit points when you starved.

